 Dungeon Crawl Stone Soup version 0.20.1-1-g8b1a95d (webtiles) character file.

103 equalderp2856 the Skirmisher (level 4, -12/35 HPs)
             Began as a Mummy Fighter on Sept 12, 2017.
             Killed from afar by an orc wizard (19 damage)
             ... with a puff of flame
             ... on level 3 of the Dungeon.
             The game lasted 00:05:39 (2386 turns).

equalderp2856 the Skirmisher (Mummy Fighter)        Turns: 2386, Time: 00:05:39

Health: -12/35     AC: 10    Str: 20    XL:     4   Next: 51%
Magic:  4/4        EV:  7    Int:  7    God:
Gold:   137        SH:  9    Dex: 11    Spells: 3/3 levels left

rFire    x . .     SeeInvis .   a - +0 war axe
rCold    + . .     Gourm    .   c - +0 shield
rNeg     + + +     Faith    .   b - +0 scale mail
rPois    ∞         Spirit   .   (no helmet)
rElec    .         Reflect  .   (no cloak)
rCorr    .         Harm     .   f - +0 pair of gloves
MR       .....                  g - +1 pair of boots
Stlth    ..........             (no amulet)
Regen    0.2/turn               (no ring)
MPRegen  0.1/turn               (no ring)

@: no status effects
A: no food or potions, fire vulnerability, cold resistance 1, negative energy
resistance 3, torment resistance, unbreathing
a: no special abilities


You were on level 3 of the Dungeon.
You were not hungry.

You visited 1 branch of the dungeon, and saw 4 of its levels.

You collected 137 gold pieces.

Inventory:

Hand Weapons
 a - a +0 war axe (weapon)
Armour
 b - a +0 scale mail (worn)
 c - a +0 shield (worn)
 f - a +0 pair of gloves (worn)
 g - a +1 pair of boots (worn)
Jewellery
 i - an uncursed amulet of faith {unknown}
 l - a +3 ring of evasion {unknown}
 n - a +3 ring of intelligence {unknown}
Scrolls
 d - 2 scrolls of enchant armour
 e - 2 scrolls of teleportation {unknown}
 h - 3 scrolls of magic mapping
 j - 2 scrolls of identify
 k - 2 scrolls of fear {unknown}
 m - a scroll of remove curse
 o - a scroll of immolation {unknown}


   Skills:
 + Level 3.4 Fighting
 + Level 2.5 Axes
 + Level 2.9 Armour
 + Level 0.7 Dodging
 + Level 0.3 Stealth
 + Level 2.9 Shields


You had 3 spell levels left.
You didn't know any spells.

Dungeon Overview and Level Annotations

Branches:
Dungeon (4/15)
 Temple: D:4-7

Altars:
Cheibriados
Dithmenos
Gozag


Innate Abilities, Weirdness & Mutations

You do not eat or drink.
Your flesh is vulnerable to fire.
You are immune to poison.
Your flesh is cold resistant. (rC+)
You are immune to negative energy. (rN+++)
You are immune to unholy pain and torment.
You can survive without breathing.


Message History

The orc wizard is heavily wounded.
The orc wizard gestures at you while chanting.
You resist with some effort.
The orc wizard points at you and mumbles some strange words.
The puff of flame hits you! The fire burns you terribly!
Ouch! That really hurt!
* * * LOW HITPOINT WARNING * * *
You closely miss the orc wizard.
The orc wizard is heavily wounded.
The orc wizard hits you but does no damage.
You closely miss the orc wizard.
The orc wizard is heavily wounded.
The orc wizard casts a spell at you. You resist with some effort.
You block the orc wizard's attack.
You slash the orc wizard!
The orc wizard is almost dead.
The orc wizard casts a spell at you. The puff of flame hits you!
The fire burns you terribly!
Ouch! That really hurt!
You die...

..........##.....# #.######
############..##.########)###
##.##.##.........#
#..#.##.........#
##.#.##..>......#
#...##.........#
##..##....##.###
#######..##......(.#
#.......@.#.....#..#
#.......o.#.....#..#
#.........#.....#..#####
#.........###.###......##
#.........##.......###...
########......###..%.....
######.###.####... #...#.#
##### ###.#.###....


You could see an orc wizard.

Vanquished Creatures
  A gnoll (D:1)
  An ooze (D:2)
  2 worms (D:3)
  3 dart slugs
  2 leopard geckos
  An orc (D:3)
  A ball python (D:3)
  8 goblins
  15 hobgoblins
  8 jackals
  9 bats
  4 frilled lizards
  7 kobolds
  8 rats
70 creatures vanquished.

Notes
Turn   | Place    | Note
-------+----------+-------------------------------------------
     0 | D:1      | equalderp2856 the Mummy Fighter began the quest for the Orb.
     0 | D:1      | Reached XP level 1. HP: 18/18 MP: 1/1
   183 | D:1      | Reached XP level 2. HP: 17/24 MP: 2/2
   581 | D:1      | HP: 1/24 [gnoll/spear (2)]
   730 | D:2      | Found a snail-covered altar of Cheibriados.
   734 | D:2      | Reached XP level 3. HP: 10/29 MP: 3/3
  1126 | D:2      | Found an opulent altar of Gozag.
  1126 | D:2      | Found a shadowy altar of Dithmenos.
  1695 | D:3      | Reached XP level 4. HP: 35/35 MP: 4/4
  2386 | D:3      | Killed from afar by an orc wizard

Skill      XL: |  1  2  3 |
---------------+----------+-----
Axes           | 2 |  2.5
Fighting       | |  3.4
Armour         | |  2.9
Dodging        | |  0.7
Stealth        | |  0.3
Shields        | |  2.9

Action                   |  1- 3 |  4- 6 || total
-------------------------+-------+-------++-------
Melee: War axe           |   147 |    94 ||   241
  Use: Scroll            |     3 |       ||     3
Armor: Scale mail        |    84 |    47 ||   131
Dodge: Dodged            |    64 |    26 ||    90
Block: Shield            |    99 |    48 ||   147
